 Dungeon Crawl Stone Soup version 0.29.1-12-g30fa7ad0bf (webtiles) character file.

Game seed: 18425755092767761871

98 RapScallion the Covered (level 5, 0/41 HPs)
             Began as a Human Fighter on Jan 15, 2023.
             Killed by divine providence
             ... invoked by an orc priest
              (12 damage)
             ... on level 4 of the Dungeon.
             The game lasted 00:10:32 (2731 turns).

RapScallion the Covered (Human Fighter)             Turns: 2731, Time: 00:10:32

Health: 0/41       AC:  8    Str: 18    XL:     5   Next: 0%
Magic:  5/5        EV:  9    Int:  8    God:
Gold:   61         SH:  5    Dex: 13    Spells: 4/4 levels left

rFire   + . .      SeeInvis .   n - +3 dagger (venom)
rCold   . . .      Faith    .   c - +0 buckler
rNeg    . . .      Spirit   .   b - +1 scale mail
rPois   .          Reflect  .   (no helmet)
rElec   .          Harm     .   (no cloak)
rCorr   .          Rampage  .   (no gloves)
Will    .....                   (no boots)
Stlth   ..........              (no amulet)
HPRegen 0.13/turn               o - ring of protection from fire
MPRegen 0.09/turn               (no ring)

@: no status effects
A: no striking features
a: no special abilities


You were on level 4 of the Dungeon.
You visited 1 branch of the dungeon, and saw 6 of its levels.

You collected 61 gold pieces.

Inventory:

Hand Weapons
 a - a +0 long sword
 n - a +3 dagger of venom (weapon)
Armour
 b - a +1 scale mail (worn)
 c - a +0 buckler (worn)
Jewellery
 h - a +6 ring of intelligence
 o - a ring of protection from fire (left hand)
Scrolls
 q - a scroll of enchant weapon
 r - a scroll of amnesia
 s - a scroll of teleportation
Potions
 d - a potion of might
 g - a potion of mutation {unknown}
 j - a potion of invisibility {unknown}
 l - a potion of attraction {unknown}
 m - a potion of flight
 p - 2 potions of curing {unknown}
 t - 2 potions of resistance
 u - a potion of ambrosia {unknown}
 w - a potion of brilliance {unknown}


   Skills:
 + Level 3.4 Fighting
 + Level 1.0(2.0) Short Blades
 + Level 2.8(2.9) Long Blades
 + Level 4.0 Armour
 + Level 3.4 Shields


You had 4 spell levels left.
You didn't know any spells.
Your spell library contained the following spells:

 Spells                   Type           Power      Damage    Failure   Level
 Slow                     Hex            0%         N/A       87%         1
 Sting                    Tmut/Pois      0%         1d3       87%         1
 Poisonous Vapours        Pois/Air       0%         N/A       95%         2
 Confusing Touch          Hex            0%         N/A       99%         3
 Vampiric Draining        Necr           0%         2d6       99%         3
 Olgreb's Toxic Radiance  Pois           0%         N/A       100%        4


Dungeon Overview and Level Annotations

Branches:
Dungeon (6/15)
 Temple: D:4-7

Altars:
Sif Muna


Message History

You see here a +0 dagger.
You enter the shallow water.
Moving in this stuff is going to be slow.
A ball python comes into view.
Why would you want to do that? Why would you want to do that?
Unknown command.
The ball python closely misses you. You block the ball python's attack.
You hit the ball python.
You kill the ball python!
An orc comes into view. It is wielding a +0 club.
The orc shouts!
An orc priest comes into view. It is wielding a +0 morningstar.
The orc priest shouts!
You hear a shout!
The orc hits you but does no damage.
The orc priest calls down the wrath of Beogh upon you.
Beogh smites you!
You closely miss the orc. The orc completely misses you.
You hit the orc but do no damage.
The orc is poisoned.
The orc hits you but does no damage.
You hit the orc.
The orc looks as sick as possible!
The orc is heavily wounded.
The orc barely misses you.
The orc priest calls down the wrath of Beogh upon you.
Beogh smites you!
You barely miss the orc.
The orc is severely wounded.
You kill the orc!
The orc priest looks satisfied for a moment.
You have reached level 5!
Unknown command.
An orc priest comes into view. It is wielding a +0 whip.
The orc priest invokes the aid of Beogh against you.
Pain shoots through your body!
* * * LOW HITPOINT WARNING * * *
The orc priest begins to cast a cantrip, but forgets the words!
You open the door.
The orc priest mumbles some strange prayers to Beogh against you.
Beogh smites you!
You die...

..# +....... ..# #......
.....## ..#
#....#######....... .>#
#....#.....#....... ..#
#....#.....#.......
..####....#.....#.......
................#.....#
....≈...........#.....#
....≈...≈≈...o..@.....#
..≈≈~..≈~.#o#####.....#
~≈..#.≈~##..# ....##
)≈≈######o#.# ....#
..≈≈≈# #.##o# ....#
...#≈≈≈## #.# ....#
######## ≈.# ##### ≈.#
#≈.#


You could see 2 orc priests.

Vanquished Creatures
  4 adders (D:2)
  A worm (D:4)
  2 dart slugs
  An orc (D:4)
  6 ball pythons
  5 endoplasms
  A giant cockroach (D:1)
  4 goblins
  3 hobgoblins
  8 kobolds
  4 quokkas
  2 bats
  5 frilled lizards
  7 rats
53 creatures vanquished.

Vanquished Creatures (others)
  A plant (D:3)
1 creature vanquished.

Grand Total: 54 creatures vanquished

Notes
Turn   | Place    | Note
-------+----------+-------------------------------------------
     0 | D:1      | RapScallion the Human Fighter began the quest for the Orb.
     0 | D:1      | Reached XP level 1. HP: 18/18 MP: 1/1
    40 | D:1      | Found a faded altar of an unknown god.
   307 | D:1      | Reached XP level 2. HP: 24/24 MP: 2/2
   473 | D:1      | Reached XP level 3. HP: 27/29 MP: 3/3
  1614 | D:2      | Reached XP level 4. HP: 33/35 MP: 4/4
  2260 | D:2      | Reached skill level 4 in Armour
  2565 | D:3      | You fall into a shaft and drop 3 floors!
  2578 | D:5      | Entered Level 5 of the Dungeon
  2580 | D:5      | Found a shimmering blue altar of Sif Muna.
  2598 | D:4      | Reached skill level 1 in Short Blades
  2722 | D:4      | Reached XP level 5. HP: 15/41 MP: 5/5
  2731 | D:4      | Killed from afar by an orc priest

Illustrated notes

Levels and vault maps discovered:
D:1:      saegor_arrival_miasma, layout_loops_ring,
          hellmonk_ecumenical_altar_heavens_door
D:2:      layout_loops_corners
D:3:      layout_basic, serial_forest, infiniplex_forest_straight_4,
          infiniplex_forest_straight_2, infiniplex_forest_lined_3,
          infiniplex_forest_end_3, infiniplex_forest_lined_3_way
D:4:      layout_gridville, overflow_temple_1_default,
          mainiacjoe_overflow_boulevard, bloody_makhleb, serial_shops,
          nicolae_diamond_shop, portal_sewer_entry_d, mrwooster_statue_mirror,
          chequers_serial_rivers_small_b, uniq_edmund
D:5:      kennysheep_slugbush, layout_cave_pools,
          nicolae_ru_the_path_less_chosen, lemuel_coloured_pillars_altar,
          mainiacjoe_overflow_catwalk, hangedman_decor_points,
          nicolae_wooded_promenade
D:6:      layout_layer_cave, mainiacjoe_overflow_tiny_flanked,
          grunt_gozag_statues

Skill      XL: |  1  2  3  4 |
---------------+-------------+-----
Armour         | 4 |  4.0
Short Blades   | 1 |  1.0
Fighting       | |  3.4
Long Blades    | |  2.8
Shields        | |  3.4

Action                   |  1- 3 |  4- 6 || total
-------------------------+-------+-------++-------
Melee: Long sword        |    65 |       ||    65
       Dagger            |    33 |    71 ||   104
  Use: Scroll            |       |     9 ||     9
Armor: Scale mail        |    43 |    21 ||    64
Dodge: Dodged            |    42 |    24 ||    66
Block: Buckler           |    20 |    10 ||    30
